Diables vs Harfangs
(R1)
Created - 24 octobre 2015 at 19:03
Goals
|
| Diables |
4 |
1 |
1 |
0 |
6 |
| Harfangs |
0 |
4 |
2 |
1 |
7 |
|
Shots
|
| Diables |
14 |
13 |
7 |
0 |
34 |
| Harfangs |
7 |
14 |
16 |
1 |
38 |
|
1st period
1. Diables , Alex Killorn 3 (Tomas Kubalik, Lukas Krajicek) at 8:57
2. Diables , Jamie Arniel 4 (Brett Maclean, Tyler Bozak) at 10:13
3. Diables , Dustin Kohn 2 (Damien Brunner, Kellan Lain) at 11:57 (PP)
4. Diables , Damien Brunner 6 (Tyler Bozak, Alex Killorn) at 13:10
Penalties :
Dylan Olsen (BEA) for Hooking (Minor) at 3:31, Dylan Olsen (BEA) for Roughing (Minor) at 10:48
2nd period
5. Diables , Kellan Lain 5 (Steve Quailer, Lukas Krajicek) at 0:09
6. Harfangs , Dustin Jeffrey 3 (Calle Jarnkrok, Mike Hoffman) at 5:09
7. Harfangs , Emerson Etem 2 (Alexandre Picard, Petri Kontiola) at 10:28
8. Harfangs , Tomas Tatar 4 (Alexandre Picard, Petri Kontiola) at 13:39 (PP)
9. Harfangs , Alexandre Picard 2 (Michal Repik, Craig Smith) at 14:01
Penalties :
Tomas Tatar (BEA) for Interference (Minor) at 0:49, Dylan Olsen (BEA) for High sticking (Minor) at 6:06, Patrick Maroon (Alm) for Slashing (Minor) at 13:35, Dustin Jeffrey (BEA) for Hooking (Minor) at 16:56
3rd period
10. Harfangs , Craig Smith 5 (Michal Repik, Brett Carson) at 5:10
11. Diables , Kellan Lain 6 (Dustin Kohn, Lukas Krajicek) at 7:44
12. Harfangs , Kyle Palmieri 5 (Chris Kreider) at 11:36
Penalties :
Lukas Krajicek (Alm) for Elbowing (Minor) at 2:53, Lukas Krajicek (Alm) for Hooking (Minor) at 11:57, Calle Jarnkrok (BEA) for Roughing (Minor) at 14:26, Mike Hoffman (BEA) for Hooking (Minor) at 16:42
Overtime #1
13. Harfangs , Brock Nelson 3 (Chris Kreider, Alexandre Picard) at 0:12
Penalties :
No Penalty
Goalie Stats
Allen York (Alm), 31 saves from 38 shots - (0,816), OTL, 4-2-1, 60:12 minutes
Darcy Kuemper (BEA), 3 saves from 7 shots - (0,429), 13:10 minutes
Jeremy Duchesne (BEA), 25 saves from 27 shots - (0,926), W, 1-0-0, 47:02 minutes
Players Stats for Diables
Player Name G A P +/- PIM S H SB GA TA FO MP PP MP PK MP
------------------------------------------------------------------------------------
Alex Killorn 1 1 2 -1 0 1 1 0 0 0 2/5 9:43 0:00 0:00
Brett Maclean 0 1 1 0 0 3 2 0 0 0 1/3 21:18 7:33 0:00
Brian Dumoulin 0 0 0 0 0 0 0 1 0 1 0/0 13:01 0:00 2:14
Christian Thomas 0 0 0 1 0 0 0 1 0 0 0/0 11:08 5:17 0:00
Damien Brunner 1 1 2 0 0 3 4 0 2 0 0/2 22:08 7:33 0:53
Dustin Kohn 1 1 2 -4 0 4 1 2 0 2 0/0 26:58 7:54 2:27
J.T. Brown 0 0 0 1 0 0 0 0 0 1 0/0 7:38 0:08 0:00
Jamie Arniel 1 0 1 0 0 3 0 1 0 0 2/10 11:03 0:28 2:30
Josh Meyers 0 0 0 1 0 1 0 1 0 0 0/0 10:29 0:00 0:00
Kellan Lain 2 1 3 0 0 5 3 0 0 1 7/19 19:40 7:33 0:53
Lukas Krajicek 0 3 3 -3 4 3 1 1 3 3 0/0 26:59 7:54 0:04
Marc-André Bourdon 0 0 0 1 0 0 0 0 0 0 0/0 2:05 0:00 0:09
Matt Jones 0 0 0 1 0 3 0 0 0 0 0/0 20:49 5:09 1:35
Patrick Maroon 0 0 0 0 2 0 1 0 0 0 0/0 10:49 0:00 0:39
Pavel Valentenko 0 0 0 1 0 2 1 1 1 1 0/0 20:49 5:09 1:35
Steve Quailer 0 1 1 0 0 1 2 1 0 0 1/1 16:35 5:22 0:00
Taylor Beck 0 0 0 0 0 1 1 0 0 1 0/1 12:16 0:00 0:39
Tomas Kubalik 0 1 1 0 0 2 1 0 0 0 0/0 11:02 0:08 0:00
Tyler Bozak 0 2 2 -2 0 2 3 1 0 1 6/20 22:13 5:07 2:30
Players Stats for Harfangs
Player Name G A P +/- PIM S H SB GA TA FO MP PP MP PK MP
------------------------------------------------------------------------------------
Alex Plante 0 0 0 0 0 1 0 0 0 0 0/0 0:58 0:00 0:01
Alexandre Picard 1 3 4 5 0 4 1 4 0 1 0/0 31:28 2:08 7:46
Andrew Orpik 0 0 0 -4 0 2 2 4 1 0 0/0 27:39 1:54 6:54
Angelo Esposito 0 0 0 0 0 0 0 0 0 0 0/0 0:00 0:00 0:00
Brandon Pirri 0 0 0 0 0 0 0 0 0 0 0/0 1:40 0:00 0:40
Brett Carson 0 1 1 2 0 1 2 3 0 0 0/0 21:55 2:08 6:46
Brian Lashoff 0 0 0 0 0 0 1 0 0 0 0/0 12:17 0:00 0:00
Brock Nelson 1 0 1 0 0 1 0 0 1 0 11/13 11:50 1:59 0:00
Calle Jarnkrok 0 1 1 0 2 0 1 0 0 1 6/8 11:21 0:00 0:00
Chris Kreider 0 2 2 0 0 3 3 0 1 2 3/3 18:09 1:59 6:29
Craig Smith 1 1 2 1 0 3 0 1 1 0 8/15 16:29 0:00 6:10
Dustin Jeffrey 1 0 1 0 2 5 0 0 1 0 0/0 11:30 0:00 0:11
Dylan Olsen 0 0 0 -1 6 2 2 0 0 2 0/0 25:18 1:54 3:57
Emerson Etem 1 0 1 0 0 1 1 0 0 0 0/0 12:08 2:03 0:00
Kyle Palmieri 1 0 1 -1 0 6 0 0 0 0 0/0 11:38 1:59 0:00
Mark Alt 0 0 0 0 0 0 0 0 0 0 0/0 1:47 0:00 0:42
Michal Repik 0 2 2 1 0 2 1 1 1 0 0/1 10:01 0:00 0:00
Mike Hoffman 0 1 1 0 2 1 0 0 1 0 0/0 11:46 0:00 0:00
Nick Holden 0 0 0 0 0 0 0 0 0 0 0/0 0:00 0:00 0:00
Peter Olvecky 0 0 0 1 0 1 0 0 1 0 0/0 13:05 0:00 1:03
Petri Kontiola 0 2 2 0 0 3 1 0 0 0 12/19 18:53 2:03 6:13
Roman Cervenka 0 0 0 0 0 0 0 0 0 0 0/0 0:00 0:00 0:00
Tomas Tatar 1 0 1 0 2 2 1 0 3 0 2/2 17:46 2:03 5:20
Victor Bartley 0 0 0 0 0 0 0 0 0 0 0/0 0:00 0:00 0:00
3 Stars
1 - Alexandre Picard (BEA)
2 - Kellan Lain (Alm)
3 - Damien Brunner (Alm)
Power Play
Diables - 1 on 7 Attempt(s) - 14,29%
Harfangs - 1 on 3 Attempt(s) - 33,33%
Penalty Kill
Diables - 2 on 3 Attempt(s) - 66,67%
- Score 0 goal in Penalty Kill
Harfangs - 6 on 7 Attempt(s) - 85,71%
- Score 0 goal in Penalty Kill
Team Stat
Diables - Hits : 21 - Faceoff Wins : 19 - Blocked Shots : 10 - Penalty Minutes : 6
Harfangs - Hits : 16 - Faceoff Wins : 42 - Blocked Shots : 13 - Penalty Minutes : 14
Official
Referees : Morton Dean and Pollock Kevin
Linesman : David Brisebois and Scott Cherrey
Game Notes
Jeremy Duchesne enters game at 13:10 of 1st period
Finance
Level 1 -- Attendance: 1380 (69,00%) -- Ticket Income 41 400 $
Level 2 -- Attendance: 731 (73,10%) -- Ticket Income 10 965 $
Total Attendance: 2111 (70,37%)
Total Ticket Income: 52 365 $
Other Income: 2 618 $
Total Income: 54 983 $
Diables
5 vs 5 Forward
Center Left Wing Right Wing Time % Phy DF OF
1 Tyler Bozak Brett Maclean Damien Brunner 40 1 2 2
2 Kellan Lain Taylor Beck Steve Quailer 30 1 2 2
3 Alex Killorn Patrick Maroon Tomas Kubalik 20 1 2 2
4 Jamie Arniel Christian Thomas J.T. Brown 10 1 2 2
5 vs 5 Defense
Defense Defense Time % Phy DF OF
1 Lukas Krajicek Dustin Kohn 40 1 2 2
2 Matt Jones Pavel Valentenko 30 1 2 2
3 Josh Meyers Brian Dumoulin 20 1 2 2
4 Marc-André Bourdon Lukas Krajicek 10 1 2 2
PowerPlay Forward
Center Left Wing Right Wing Time % Phy DF OF
1 Kellan Lain Brett Maclean Damien Brunner 60 1 2 2
2 Tyler Bozak Christian Thomas Steve Quailer 40 1 2 2
PowerPlay Defense
Defense Defense Time % Phy DF OF
1 Lukas Krajicek Dustin Kohn 60 1 2 2
2 Matt Jones Pavel Valentenko 40 1 2 2
Penalty Kill 4 Players Forward
Center Wing Time % Phy DF OF
1 Jamie Arniel Tyler Bozak 60 1 2 2
2 Kellan Lain Damien Brunner 40 1 2 2
Penalty Kill 4 Players Defense
Defense Defense Time % Phy DF OF
1 Lukas Krajicek Dustin Kohn 60 1 2 2
2 Matt Jones Pavel Valentenko 40 1 2 2
Penalty Kill - 3 Players Forward
Forward Time % Phy DF OF
1 Kellan Lain 60 1 2 2
2 Tyler Bozak 40 1 2 2
Penalty Kill - 3 Players Defense
Defense Defense Time % Phy DF OF
1 Lukas Krajicek Dustin Kohn 60 1 2 2
2 Matt Jones Pavel Valentenko 40 1 2 2
4 vs 4 Forward
Center Wing Time % Phy DF OF
1 Alex Killorn Tyler Bozak 60 1 2 2
2 Damien Brunner Kellan Lain 40 1 2 2
4 vs 4 Defense
Defense Defense Time % Phy DF OF
1 Lukas Krajicek Dustin Kohn 60 1 2 2
2 Matt Jones Pavel Valentenko 40 1 2 2
Last Minutes Offensive
Center Left Wing Right Wing Defense Defense
Tyler Bozak Brett Maclean Damien Brunner Lukas Krajicek Dustin Kohn
Last Minutes Defensive
Center Left Wing Right Wing Defense Defense
Tyler Bozak Brett Maclean Damien Brunner Lukas Krajicek Dustin Kohn
Goaltenders
Starting : Allen York
Backup : Marek Mazanek
Extra Forwards
Normal : Jamie Arniel, Tomas Kubalik, Patrick Maroon - PP : Jamie Arniel, Tomas Kubalik - PK : Patrick Maroon
Extra Defensemen
Normal : Josh Meyers, Brian Dumoulin, Marc-André Bourdon - PP : Josh Meyers - PK : Brian Dumoulin, Marc-André Bourdon
Penalty Shots
Christian Thomas, Tyler Bozak, Damien Brunner, Kellan Lain, Jamie Arniel
Harfangs
5 vs 5 Forward
Center Left Wing Right Wing Time % Phy DF OF
1 Brock Nelson Chris Kreider Kyle Palmieri 25 1 2 2
2 Petri Kontiola Tomas Tatar Emerson Etem 25 1 2 2
3 Craig Smith Peter Olvecky Michal Repik 25 1 2 2
4 Calle Jarnkrok Dustin Jeffrey Mike Hoffman 25 1 2 2
5 vs 5 Defense
Defense Defense Time % Phy DF OF
1 Alexandre Picard Brett Carson 25 1 2 2
2 Andrew Orpik Dylan Olsen 25 1 2 2
3 Brian Lashoff Andrew Orpik 25 1 2 2
4 Alexandre Picard Dylan Olsen 25 1 2 2
PowerPlay Forward
Center Left Wing Right Wing Time % Phy DF OF
1 Brock Nelson Chris Kreider Kyle Palmieri 50 1 2 2
2 Petri Kontiola Tomas Tatar Emerson Etem 50 1 2 2
PowerPlay Defense
Defense Defense Time % Phy DF OF
1 Alexandre Picard Brett Carson 50 1 2 2
2 Andrew Orpik Dylan Olsen 50 1 2 2
Penalty Kill 4 Players Forward
Center Wing Time % Phy DF OF
1 Petri Kontiola Chris Kreider 50 1 2 2
2 Craig Smith Tomas Tatar 50 1 2 2
Penalty Kill 4 Players Defense
Defense Defense Time % Phy DF OF
1 Alexandre Picard Brett Carson 50 1 2 2
2 Andrew Orpik Dylan Olsen 50 1 2 2
Penalty Kill - 3 Players Forward
Forward Time % Phy DF OF
1 Petri Kontiola 50 1 2 2
2 Craig Smith 50 1 2 2
Penalty Kill - 3 Players Defense
Defense Defense Time % Phy DF OF
1 Alexandre Picard Brett Carson 50 1 2 2
2 Andrew Orpik Dylan Olsen 50 1 2 2
4 vs 4 Forward
Center Wing Time % Phy DF OF
1 Brock Nelson Chris Kreider 50 1 2 2
2 Petri Kontiola Kyle Palmieri 50 1 2 2
4 vs 4 Defense
Defense Defense Time % Phy DF OF
1 Alexandre Picard Brett Carson 50 1 2 2
2 Andrew Orpik Dylan Olsen 50 1 2 2
Last Minutes Offensive
Center Left Wing Right Wing Defense Defense
Petri Kontiola Chris Kreider Kyle Palmieri Alexandre Picard Brett Carson
Last Minutes Defensive
Center Left Wing Right Wing Defense Defense
Petri Kontiola Chris Kreider Kyle Palmieri Brian Lashoff Alexandre Picard
Goaltenders
Starting : Darcy Kuemper
Backup : Jeremy Duchesne
Extra Forwards
Normal : Petri Kontiola, Chris Kreider, Peter Olvecky - PP : Petri Kontiola, Peter Olvecky - PK : Chris Kreider
Extra Defensemen
Normal : Alexandre Picard, Brett Carson, Andrew Orpik - PP : Alexandre Picard - PK : Alexandre Picard, Andrew Orpik
Penalty Shots
Craig Smith, Tomas Tatar, Petri Kontiola, Alexandre Picard, Kyle Palmieri
% Time on Ice - Diables
Lines # - Real PCT - Wanted PCT - Time Play
Normal Forward
1 - 38% - 40% - 16:07
2 - 27% - 30% - 11:28
3 - 22% - 20% - 9:31
4 - 14% - 10% - 5:49
Normal Defense
1 - 38% - 40% - 16:25
2 - 33% - 30% - 14:05
3 - 24% - 20% - 10:29
4 - 5% - 10% - 1:56
PP Forward
1 - 58% - 60% - 7:37
2 - 42% - 40% - 5:26
PP Defense
1 - 61% - 60% - 7:54
2 - 39% - 40% - 5:09
PK Forward
1 - 78% - 60% - 3:09
2 - 22% - 40% - 0:53
PK Defense
1 - 61% - 60% - 2:27
2 - 39% - 40% - 1:35
PK3 Forward
1 - 0% - 60%
2 - 0% - 40%
PK3 Defense
1 - 0% - 60%
2 - 0% - 40%
44 Forward
1 - 100% - 60% - 0:12
2 - 0% - 40% - 0:00
44 Defense
1 - 100% - 60% - 0:12
2 - 0% - 40% - 0:00
Last Minute Offensive - 0:00
Last Minute Defensive - 0:00
Total
Forward - 60:12
Defense - 60:12
|
% Time on Ice - Harfangs
Lines # - Real PCT - Wanted PCT - Time Play
Normal Forward
1 - 26% - 25% - 11:09
2 - 24% - 25% - 10:25
3 - 23% - 25% - 10:01
4 - 26% - 25% - 11:20
Normal Defense
1 - 27% - 25% - 11:47
2 - 22% - 25% - 9:23
3 - 29% - 25% - 12:17
4 - 22% - 25% - 9:28
PP Forward
1 - 49% - 50% - 1:59
2 - 51% - 50% - 2:03
PP Defense
1 - 53% - 50% - 2:08
2 - 47% - 50% - 1:54
PK Forward
1 - 49% - 50% - 6:23
2 - 51% - 50% - 6:40
PK Defense
1 - 44% - 50% - 5:41
2 - 56% - 50% - 7:22
PK3 Forward
1 - 0% - 50%
2 - 0% - 50%
PK3 Defense
1 - 0% - 50%
2 - 0% - 50%
44 Forward
1 - 100% - 50% - 0:12
2 - 0% - 50% - 0:00
44 Defense
1 - 100% - 50% - 0:12
2 - 0% - 50% - 0:00
Last Minute Offensive - 0:00
Last Minute Defensive - 0:00
Total
Forward - 60:12
Defense - 60:12
|
Play by Play
1st period
0:01 of 1st period - Tyler Bozak wins face-off versus Brock Nelson in neutral zone.
0:10 of 1st period - Slapshot by Alexandre Picard.
0:10 of 1st period - Stopped by Allen York with a rebound.
2:13 of 1st period - Snap shot by Tomas Kubalik.
2:13 of 1st period - Shot Misses the Net.
2:27 of 1st period - Wrist shot by Jamie Arniel.
2:27 of 1st period - Stopped by Darcy Kuemper with a rebound.
3:11 of 1st period - Brian Dumoulin is hit by Emerson Etem and loses puck.
3:31 of 1st period - Minor Penalty to Dylan Olsen for Hooking.
3:32 of 1st period - Kellan Lain wins face-off versus Petri Kontiola in Harfangs zone.
3:52 of 1st period - Damien Brunner is hit by Brett Carson and loses puck.
5:31 of 1st period - Penalty to Dylan Olsen is over, Dylan Olsen is back on ice.
5:35 of 1st period - Snap shot by Peter Olvecky.
5:35 of 1st period - Shot Misses the Net.
5:37 of 1st period - Slapshot by Peter Olvecky.
5:37 of 1st period - Shot Misses the Net.
5:39 of 1st period - Wrist shot by Brandon Pirri.
5:39 of 1st period - Shot Misses the Net.
6:25 of 1st period - Snap shot by Dylan Olsen.
6:25 of 1st period - Shot Blocked by Jamie Arniel.
6:27 of 1st period - Slapshot by Alex Plante.
6:27 of 1st period - Stopped by Allen York without a rebound.
6:28 of 1st period - Calle Jarnkrok wins face-off versus Kellan Lain in Diables zone.
7:38 of 1st period - Icing by Damien Brunner.
7:39 of 1st period - Calle Jarnkrok wins face-off versus Tyler Bozak in Diables zone.
8:57 of 1st period - Snap shot by Alex Killorn.
8:57 of 1st period - Goal by Alex Killorn - Diables : 1 - Harfangs : 0.
8:58 of 1st period - Kellan Lain wins face-off versus Craig Smith in neutral zone.
10:13 of 1st period - Wrist shot by Jamie Arniel.
10:13 of 1st period - Goal by Jamie Arniel - Diables : 2 - Harfangs : 0.
10:14 of 1st period - Craig Smith wins face-off versus Kellan Lain in neutral zone.
10:19 of 1st period - Wrist shot by Craig Smith.
10:19 of 1st period - Stopped by Allen York without a rebound.
10:20 of 1st period - Craig Smith wins face-off versus Kellan Lain in Diables zone.
10:33 of 1st period - Wrist shot by Peter Olvecky.
10:33 of 1st period - Stopped by Allen York without a rebound.
10:34 of 1st period - Calle Jarnkrok wins face-off versus Alex Killorn in Diables zone.
10:48 of 1st period - Minor Penalty to Dylan Olsen for Roughing.
10:49 of 1st period - Petri Kontiola wins face-off versus Kellan Lain in Harfangs zone.
11:49 of 1st period - Snap shot by Brett Maclean.
11:49 of 1st period - Shot Misses the Net.
11:51 of 1st period - Snap shot by Kellan Lain.
11:51 of 1st period - Shot Blocked by Craig Smith.
11:53 of 1st period - Snap shot by Kellan Lain.
11:53 of 1st period - Stopped by Darcy Kuemper with a rebound.
11:55 of 1st period - Snap shot by Damien Brunner.
11:55 of 1st period - Stopped by Darcy Kuemper with a rebound.
11:57 of 1st period - Slapshot by Dustin Kohn.
11:57 of 1st period - Goal by Dustin Kohn - Diables : 3 - Harfangs : 0.
11:58 of 1st period - Alex Killorn wins face-off versus Calle Jarnkrok in neutral zone.
12:32 of 1st period - Wrist shot by Craig Smith.
12:32 of 1st period - Shot Blocked by Pavel Valentenko.
12:34 of 1st period - Wrist shot by Craig Smith.
12:34 of 1st period - Stopped by Allen York without a rebound.
12:35 of 1st period - Petri Kontiola wins face-off versus Alex Killorn in Diables zone.
13:10 of 1st period - Snap shot by Damien Brunner.
13:10 of 1st period - Goal by Damien Brunner - Diables : 4 - Harfangs : 0.
13:10 of 1st period - Jeremy Duchesne enters game.
13:11 of 1st period - Craig Smith wins face-off versus Tyler Bozak in neutral zone.
14:08 of 1st period - Snap shot by Jamie Arniel.
14:08 of 1st period - Stopped by Jeremy Duchesne with a rebound.
14:44 of 1st period - Off-side.
14:45 of 1st period - Craig Smith wins face-off versus Tyler Bozak in neutral zone.
15:05 of 1st period - Craig Smith is hit by Tyler Bozak and loses puck.
15:25 of 1st period - Wrist shot by Tomas Kubalik.
15:25 of 1st period - Stopped by Jeremy Duchesne without a rebound.
15:26 of 1st period - Kellan Lain wins face-off versus Petri Kontiola in Harfangs zone.
15:27 of 1st period - Snap shot by Steve Quailer.
15:27 of 1st period - Stopped by Jeremy Duchesne with a rebound.
15:58 of 1st period - Snap shot by Andrew Orpik.
15:58 of 1st period - Shot Blocked by Josh Meyers.
16:00 of 1st period - Slapshot by Andrew Orpik.
16:00 of 1st period - Stopped by Allen York with a rebound.
16:12 of 1st period - Snap shot by J.T. Brown.
16:12 of 1st period - Shot Misses the Net.
16:14 of 1st period - Slapshot by Josh Meyers.
16:14 of 1st period - Stopped by Jeremy Duchesne with a rebound.
16:34 of 1st period - Alex Killorn is hit by Michal Repik and loses puck.
16:49 of 1st period - Snap shot by Kellan Lain.
16:49 of 1st period - Shot Misses the Net.
16:51 of 1st period - Wrist shot by Kellan Lain.
16:51 of 1st period - Stopped by Jeremy Duchesne with a rebound.
17:40 of 1st period - Icing by Lukas Krajicek.
17:41 of 1st period - Jamie Arniel wins face-off versus Petri Kontiola in Diables zone.
17:56 of 1st period - Wrist shot by Lukas Krajicek.
17:56 of 1st period - Stopped by Jeremy Duchesne with a rebound.
18:07 of 1st period - Icing by Brett Maclean.
18:08 of 1st period - Calle Jarnkrok wins face-off versus Tyler Bozak in Diables zone.
18:57 of 1st period - Slapshot by J.T. Brown.
18:57 of 1st period - Shot Misses the Net.
18:59 of 1st period - Slapshot by Matt Jones.
18:59 of 1st period - Stopped by Jeremy Duchesne without a rebound.
19:00 of 1st period - Brock Nelson wins face-off versus Jamie Arniel in Harfangs zone.
19:45 of 1st period - Slapshot by Petri Kontiola.
19:45 of 1st period - Stopped by Allen York with a rebound.
19:47 of 1st period - Wrist shot by Tomas Tatar.
19:47 of 1st period - Shot Misses the Net.
19:49 of 1st period - Slapshot by Brett Carson.
19:49 of 1st period - Shot Misses the Net.
Goals for this period are 4 for Diables vs 0 for Harfangs.
Shots for this period are 14 for Diables vs 7 for Harfangs.
2nd period
0:01 of 2nd period - Brock Nelson wins face-off versus Kellan Lain in neutral zone.
0:09 of 2nd period - Wrist shot by Kellan Lain.
0:09 of 2nd period - Goal by Kellan Lain - Diables : 5 - Harfangs : 0.
0:10 of 2nd period - Brock Nelson wins face-off versus Tyler Bozak in neutral zone.
0:21 of 2nd period - Slapshot by Chris Kreider.
0:21 of 2nd period - Shot Misses the Net.
0:35 of 2nd period - Petri Kontiola is hit by Steve Quailer and loses puck.
0:42 of 2nd period - Snap shot by Steve Quailer.
0:42 of 2nd period - Shot Misses the Net.
0:44 of 2nd period - Snap shot by Kellan Lain.
0:44 of 2nd period - Shot Misses the Net.
0:49 of 2nd period - Minor Penalty to Tomas Tatar for Interference.
0:50 of 2nd period - Petri Kontiola wins face-off versus Damien Brunner in Harfangs zone.
1:02 of 2nd period - Wrist shot by Kellan Lain.
1:02 of 2nd period - Stopped by Jeremy Duchesne with a rebound.
1:04 of 2nd period - Wrist shot by Damien Brunner.
1:04 of 2nd period - Shot Blocked by Alexandre Picard.
1:06 of 2nd period - Slapshot by Lukas Krajicek.
1:06 of 2nd period - Shot Blocked by Alexandre Picard.
1:16 of 2nd period - Snap shot by Steve Quailer.
1:16 of 2nd period - Deflect By Tyler Bozak.
1:16 of 2nd period - Shot Misses the Net.
1:16 of 2nd period - Puck is out of play.
1:17 of 2nd period - Chris Kreider wins face-off versus Tyler Bozak in Harfangs zone.
1:17 of 2nd period - Chris Kreider is hit by Steve Quailer.
2:07 of 2nd period - Brett Carson is hit by Brett Maclean.
2:49 of 2nd period - Penalty to Tomas Tatar is over, Tomas Tatar is back on ice.
3:26 of 2nd period - Josh Meyers is hit by Tomas Tatar and loses puck.
3:43 of 2nd period - Lukas Krajicek is hit by Chris Kreider and loses puck.
4:11 of 2nd period - Matt Jones is hit by Petri Kontiola and loses puck.
4:28 of 2nd period - Snap shot by Jamie Arniel.
4:28 of 2nd period - Shot Blocked by Andrew Orpik.
4:45 of 2nd period - Alexandre Picard is hit by Alex Killorn and loses puck.
4:52 of 2nd period - Lukas Krajicek is hit by Calle Jarnkrok and loses puck.
5:03 of 2nd period - Snap shot by Mike Hoffman.
5:03 of 2nd period - Stopped by Allen York with a rebound.
5:09 of 2nd period - Snap shot by Dustin Jeffrey.
5:09 of 2nd period - Goal by Dustin Jeffrey - Diables : 5 - Harfangs : 1.
5:10 of 2nd period - Brett Maclean wins face-off versus Craig Smith in neutral zone.
5:19 of 2nd period - Wrist shot by Damien Brunner.
5:19 of 2nd period - Deflect By Peter Olvecky.
5:19 of 2nd period - Shot Misses the Net.
5:19 of 2nd period - Puck is out of play.
5:20 of 2nd period - Tyler Bozak wins face-off versus Craig Smith in Harfangs zone.
5:27 of 2nd period - Slapshot by Tyler Bozak.
5:27 of 2nd period - Shot Misses the Net.
5:29 of 2nd period - Wrist shot by Pavel Valentenko.
5:29 of 2nd period - Shot Blocked by Michal Repik.
5:49 of 2nd period - Slapshot by Tyler Bozak.
5:49 of 2nd period - Shot Misses the Net.
5:51 of 2nd period - Slapshot by Matt Jones.
5:51 of 2nd period - Shot Misses the Net.
5:53 of 2nd period - Snap shot by Tyler Bozak.
5:53 of 2nd period - Shot Blocked by Alexandre Picard.
5:59 of 2nd period - Wrist shot by Brett Maclean.
5:59 of 2nd period - Stopped by Jeremy Duchesne with a rebound.
6:01 of 2nd period - Wrist shot by Tyler Bozak.
6:01 of 2nd period - Shot Blocked by Alexandre Picard.
6:03 of 2nd period - Slapshot by Brett Maclean.
6:03 of 2nd period - Stopped by Jeremy Duchesne without a rebound.
6:04 of 2nd period - Brock Nelson wins face-off versus Kellan Lain in Harfangs zone.
6:06 of 2nd period - Minor Penalty to Dylan Olsen for High sticking.
6:07 of 2nd period - Petri Kontiola wins face-off versus Kellan Lain in Harfangs zone.
6:17 of 2nd period - Wrist shot by Brett Maclean.
6:17 of 2nd period - Shot Misses the Net.
6:19 of 2nd period - Slapshot by Dustin Kohn.
6:19 of 2nd period - Stopped by Jeremy Duchesne without a rebound.
6:20 of 2nd period - Kellan Lain wins face-off versus Petri Kontiola in Harfangs zone.
7:17 of 2nd period - Slapshot by Lukas Krajicek.
7:17 of 2nd period - Stopped by Jeremy Duchesne without a rebound.
7:18 of 2nd period - Kellan Lain wins face-off versus Craig Smith in Harfangs zone.
7:23 of 2nd period - Wrist shot by Damien Brunner.
7:23 of 2nd period - Stopped by Jeremy Duchesne with a rebound.
7:25 of 2nd period - Slapshot by Matt Jones.
7:25 of 2nd period - Shot Misses the Net.
7:27 of 2nd period - Snap shot by Brett Maclean.
7:27 of 2nd period - Stopped by Jeremy Duchesne with a rebound.
7:29 of 2nd period - Slapshot by Pavel Valentenko.
7:29 of 2nd period - Stopped by Jeremy Duchesne with a rebound.
7:31 of 2nd period - Slapshot by Matt Jones.
7:31 of 2nd period - Stopped by Jeremy Duchesne with a rebound.
7:33 of 2nd period - Slapshot by Brett Maclean.
7:33 of 2nd period - Shot Blocked by Andrew Orpik.
7:53 of 2nd period - Petri Kontiola is hit by Damien Brunner and loses puck.
8:06 of 2nd period - Penalty to Dylan Olsen is over, Dylan Olsen is back on ice.
8:41 of 2nd period - Icing by Lukas Krajicek.
8:42 of 2nd period - Calle Jarnkrok wins face-off versus Jamie Arniel in Diables zone.
8:57 of 2nd period - Lukas Krajicek is hit by Brian Lashoff.
9:13 of 2nd period - Snap shot by Tomas Kubalik.
9:13 of 2nd period - Stopped by Jeremy Duchesne without a rebound.
9:14 of 2nd period - Craig Smith wins face-off versus Brett Maclean in Harfangs zone.
9:16 of 2nd period - Icing by Brian Lashoff.
9:17 of 2nd period - Craig Smith wins face-off versus Tyler Bozak in Harfangs zone.
9:28 of 2nd period - Off-side.
9:29 of 2nd period - Petri Kontiola wins face-off versus Kellan Lain in neutral zone.
9:34 of 2nd period - Slapshot by Alexandre Picard.
9:34 of 2nd period - Shot Blocked by Dustin Kohn.
9:36 of 2nd period - Slapshot by Dylan Olsen.
9:36 of 2nd period - Shot Misses the Net.
9:38 of 2nd period - Slapshot by Petri Kontiola.
9:38 of 2nd period - Stopped by Allen York without a rebound.
9:39 of 2nd period - Tomas Tatar wins face-off versus Taylor Beck in Diables zone.
10:06 of 2nd period - Wrist shot by Petri Kontiola.
10:06 of 2nd period - Shot Misses the Net.
10:08 of 2nd period - Wrist shot by Petri Kontiola.
10:08 of 2nd period - Shot Misses the Net.
10:10 of 2nd period - Slapshot by Alexandre Picard.
10:10 of 2nd period - Stopped by Allen York with a rebound.
10:14 of 2nd period - Wrist shot by Tomas Tatar.
10:14 of 2nd period - Shot Misses the Net.
10:24 of 2nd period - Wrist shot by Petri Kontiola.
10:24 of 2nd period - Stopped by Allen York with a rebound.
10:26 of 2nd period - Slapshot by Alexandre Picard.
10:26 of 2nd period - Shot Blocked by Dustin Kohn.
10:28 of 2nd period - Wrist shot by Emerson Etem.
10:28 of 2nd period - Goal by Emerson Etem - Diables : 5 - Harfangs : 2.
10:29 of 2nd period - Brock Nelson wins face-off versus Tyler Bozak in neutral zone.
10:32 of 2nd period - Tyler Bozak is hit by Chris Kreider and loses puck.
11:37 of 2nd period - Slapshot by Alexandre Picard.
11:37 of 2nd period - Shot Misses the Net.
11:43 of 2nd period - Wrist shot by Dustin Kohn.
11:43 of 2nd period - Deflect By Kellan Lain.
11:43 of 2nd period - Deflect By Alexandre Picard.
11:43 of 2nd period - Shot Hit the Post.
11:43 of 2nd period - Puck is out of play.
11:44 of 2nd period - Brock Nelson wins face-off versus Tyler Bozak in Harfangs zone.
11:51 of 2nd period - Snap shot by Brett Maclean.
11:51 of 2nd period - Shot Blocked by Andrew Orpik.
11:53 of 2nd period - Snap shot by Damien Brunner.
11:53 of 2nd period - Deflect By Tyler Bozak.
11:53 of 2nd period - Stopped by Jeremy Duchesne without a rebound.
11:54 of 2nd period - Brock Nelson wins face-off versus Brett Maclean in Harfangs zone.
12:16 of 2nd period - Dylan Olsen is hit by Brett Maclean and loses puck.
12:55 of 2nd period - Slapshot by Andrew Orpik.
12:55 of 2nd period - Shot Blocked by Brian Dumoulin.
13:07 of 2nd period - Wrist shot by Tyler Bozak.
13:07 of 2nd period - Stopped by Jeremy Duchesne without a rebound.
13:08 of 2nd period - Craig Smith wins face-off versus Kellan Lain in Harfangs zone.
13:08 of 2nd period - Craig Smith is hit by Kellan Lain.
13:35 of 2nd period - Minor Penalty to Patrick Maroon for Slashing.
13:36 of 2nd period - Petri Kontiola wins face-off versus Jamie Arniel in Diables zone.
13:39 of 2nd period - Slapshot by Alexandre Picard.
13:39 of 2nd period - Deflect By Tomas Tatar.
13:39 of 2nd period - Goal by Tomas Tatar - Diables : 5 - Harfangs : 3.
13:40 of 2nd period - Tomas Tatar wins face-off versus Tyler Bozak in neutral zone.
13:49 of 2nd period - Snap shot by Petri Kontiola.
13:49 of 2nd period - Shot Blocked by Lukas Krajicek.
13:51 of 2nd period - Slapshot by Dylan Olsen.
13:51 of 2nd period - Stopped by Allen York without a rebound.
13:52 of 2nd period - Craig Smith wins face-off versus Kellan Lain in Diables zone.
13:59 of 2nd period - Snap shot by Michal Repik.
13:59 of 2nd period - Shot Misses the Net.
14:01 of 2nd period - Slapshot by Alexandre Picard.
14:01 of 2nd period - Goal by Alexandre Picard - Diables : 5 - Harfangs : 4.
14:02 of 2nd period - Tyler Bozak wins face-off versus Calle Jarnkrok in neutral zone.
14:28 of 2nd period - Peter Olvecky is hit by Tomas Kubalik.
15:10 of 2nd period - Off-side.
15:11 of 2nd period - Brock Nelson wins face-off versus Jamie Arniel in neutral zone.
15:14 of 2nd period - J.T. Brown is hit by Alexandre Picard.
15:38 of 2nd period - Mike Hoffman is hit by Pavel Valentenko and loses puck.
16:01 of 2nd period - Wrist shot by Brett Carson.
16:01 of 2nd period - Shot Misses the Net.
16:03 of 2nd period - Slapshot by Michal Repik.
16:03 of 2nd period - Stopped by Allen York with a rebound.
16:05 of 2nd period - Backhand shot by Alexandre Picard.
16:05 of 2nd period - Shot Blocked by Steve Quailer.
16:41 of 2nd period - Pavel Valentenko is hit by Dylan Olsen and loses puck.
16:56 of 2nd period - Minor Penalty to Dustin Jeffrey for Hooking.
16:57 of 2nd period - Petri Kontiola wins face-off versus Kellan Lain in Harfangs zone.
17:09 of 2nd period - Brett Carson is hit by Kellan Lain and loses puck.
17:36 of 2nd period - Wrist shot by Steve Quailer.
17:36 of 2nd period - Shot Blocked by Brett Carson.
17:38 of 2nd period - Snap shot by Steve Quailer.
17:38 of 2nd period - Shot Blocked by Brett Carson.
18:56 of 2nd period - Penalty to Dustin Jeffrey is over, Dustin Jeffrey is back on ice.
19:15 of 2nd period - Icing by Dustin Jeffrey.
19:16 of 2nd period - Calle Jarnkrok wins face-off versus Alex Killorn in Harfangs zone.
19:28 of 2nd period - Wrist shot by Alex Killorn.
19:28 of 2nd period - Shot Misses the Net.
19:40 of 2nd period - Wrist shot by Dustin Jeffrey.
19:40 of 2nd period - Stopped by Allen York with a rebound.
19:42 of 2nd period - Slapshot by Brett Carson.
19:42 of 2nd period - Shot Misses the Net.
19:48 of 2nd period - Snap shot by Dustin Jeffrey.
19:48 of 2nd period - Stopped by Allen York with a rebound.
19:50 of 2nd period - Slapshot by Brett Carson.
19:50 of 2nd period - Stopped by Allen York with a rebound.
19:52 of 2nd period - Snap shot by Dustin Jeffrey.
19:52 of 2nd period - Stopped by Allen York with a rebound.
19:54 of 2nd period - Slapshot by Brett Carson.
19:54 of 2nd period - Shot Misses the Net.
Goals for this period are 1 for Diables vs 4 for Harfangs.
Shots for this period are 13 for Diables vs 14 for Harfangs.
3rd period
0:01 of 3rd period - Tyler Bozak wins face-off versus Craig Smith in neutral zone.
0:04 of 3rd period - Dylan Olsen is hit by Tyler Bozak and loses puck.
0:51 of 3rd period - Patrick Maroon is hit by Chris Kreider and loses puck.
2:11 of 3rd period - Snap shot by Kyle Palmieri.
2:11 of 3rd period - Stopped by Allen York without a rebound.
2:12 of 3rd period - Alex Killorn wins face-off versus Brock Nelson in Diables zone.
2:17 of 3rd period - Snap shot by Chris Kreider.
2:17 of 3rd period - Stopped by Allen York with a rebound.
2:37 of 3rd period - Chris Kreider is hit by Lukas Krajicek.
2:43 of 3rd period - Wrist shot by Kyle Palmieri.
2:43 of 3rd period - Stopped by Allen York with a rebound.
2:45 of 3rd period - Snap shot by Chris Kreider.
2:45 of 3rd period - Shot Hit the Post.
2:49 of 3rd period - Snap shot by Chris Kreider.
2:49 of 3rd period - Stopped by Allen York with a rebound.
2:51 of 3rd period - Slapshot by Dylan Olsen.
2:51 of 3rd period - Shot Misses the Net.
2:53 of 3rd period - Minor Penalty to Lukas Krajicek for Elbowing.
2:54 of 3rd period - Petri Kontiola wins face-off versus Jamie Arniel in Diables zone.
2:59 of 3rd period - Slapshot by Tomas Tatar.
2:59 of 3rd period - Stopped by Allen York without a rebound.
3:00 of 3rd period - Jamie Arniel wins face-off versus Petri Kontiola in Diables zone.
3:05 of 3rd period - Petri Kontiola is hit by Tyler Bozak and loses puck.
3:12 of 3rd period - Snap shot by Andrew Orpik.
3:12 of 3rd period - Stopped by Allen York without a rebound.
3:13 of 3rd period - Chris Kreider wins face-off versus Jamie Arniel in Diables zone.
3:46 of 3rd period - Wrist shot by Tomas Tatar.
3:46 of 3rd period - Deflect By Emerson Etem.
3:46 of 3rd period - Shot Misses the Net.
3:46 of 3rd period - Puck is out of play.
3:47 of 3rd period - Chris Kreider wins face-off versus Jamie Arniel in Diables zone.
4:00 of 3rd period - Wrist shot by Chris Kreider.
4:00 of 3rd period - Shot Misses the Net.
4:02 of 3rd period - Snap shot by Kyle Palmieri.
4:02 of 3rd period - Shot Misses the Net.
4:53 of 3rd period - Penalty to Lukas Krajicek is over, Lukas Krajicek is back on ice.
5:08 of 3rd period - Snap shot by Michal Repik.
5:08 of 3rd period - Stopped by Allen York with a rebound.
5:10 of 3rd period - Snap shot by Craig Smith.
5:10 of 3rd period - Goal by Craig Smith - Diables : 5 - Harfangs : 5.
5:11 of 3rd period - Kellan Lain wins face-off versus Petri Kontiola in neutral zone.
5:14 of 3rd period - Snap shot by Lukas Krajicek.
5:14 of 3rd period - Shot Blocked by Andrew Orpik.
5:16 of 3rd period - Slapshot by Lukas Krajicek.
5:16 of 3rd period - Stopped by Jeremy Duchesne with a rebound.
5:20 of 3rd period - Slapshot by Dustin Kohn.
5:20 of 3rd period - Stopped by Jeremy Duchesne with a rebound.
5:22 of 3rd period - Snap shot by Taylor Beck.
5:22 of 3rd period - Stopped by Jeremy Duchesne with a rebound.
5:24 of 3rd period - Wrist shot by Steve Quailer.
5:24 of 3rd period - Deflect By Kellan Lain.
5:24 of 3rd period - Shot Misses the Net.
5:24 of 3rd period - Puck is out of play.
5:25 of 3rd period - Tyler Bozak wins face-off versus Michal Repik in Harfangs zone.
5:59 of 3rd period - Snap shot by Kyle Palmieri.
5:59 of 3rd period - Stopped by Allen York with a rebound.
6:01 of 3rd period - Snap shot by Brock Nelson.
6:01 of 3rd period - Shot Misses the Net.
7:19 of 3rd period - Dustin Kohn is hit by Andrew Orpik and loses puck.
7:30 of 3rd period - Slapshot by Mike Hoffman.
7:30 of 3rd period - Shot Misses the Net.
7:38 of 3rd period - Slapshot by Dustin Kohn.
7:38 of 3rd period - Stopped by Jeremy Duchesne with a rebound.
7:44 of 3rd period - Wrist shot by Kellan Lain.
7:44 of 3rd period - Goal by Kellan Lain - Diables : 6 - Harfangs : 5.
7:45 of 3rd period - Tyler Bozak wins face-off versus Petri Kontiola in neutral zone.
7:50 of 3rd period - Slapshot by Pavel Valentenko.
7:50 of 3rd period - Stopped by Jeremy Duchesne with a rebound.
8:30 of 3rd period - Wrist shot by Kyle Palmieri.
8:30 of 3rd period - Stopped by Allen York with a rebound.
8:32 of 3rd period - Snap shot by Dylan Olsen.
8:32 of 3rd period - Stopped by Allen York with a rebound.
8:34 of 3rd period - Slapshot by Alexandre Picard.
8:34 of 3rd period - Shot Blocked by Christian Thomas.
8:36 of 3rd period - Wrist shot by Chris Kreider.
8:36 of 3rd period - Deflect By Kyle Palmieri.
8:36 of 3rd period - Shot Misses the Net.
8:36 of 3rd period - Puck is out of play.
8:37 of 3rd period - Petri Kontiola wins face-off versus Tyler Bozak in Diables zone.
8:46 of 3rd period - Slapshot by Alexandre Picard.
8:46 of 3rd period - Shot Blocked by Tyler Bozak.
8:48 of 3rd period - Slapshot by Tomas Tatar.
8:48 of 3rd period - Shot Misses the Net.
9:41 of 3rd period - Chris Kreider is hit by Dustin Kohn and loses puck.
10:13 of 3rd period - Brett Carson is hit by Taylor Beck and loses puck.
10:41 of 3rd period - Wrist shot by Chris Kreider.
10:41 of 3rd period - Stopped by Allen York with a rebound.
10:43 of 3rd period - Snap shot by Kyle Palmieri.
10:43 of 3rd period - Stopped by Allen York with a rebound.
10:45 of 3rd period - Slapshot by Kyle Palmieri.
10:45 of 3rd period - Shot Misses the Net.
11:01 of 3rd period - Wrist shot by Dustin Jeffrey.
11:01 of 3rd period - Stopped by Allen York without a rebound.
11:02 of 3rd period - Petri Kontiola wins face-off versus Tyler Bozak in Diables zone.
11:07 of 3rd period - Slapshot by Petri Kontiola.
11:07 of 3rd period - Shot Misses the Net.
11:27 of 3rd period - Pavel Valentenko is hit by Andrew Orpik and loses puck.
11:36 of 3rd period - Snap shot by Kyle Palmieri.
11:36 of 3rd period - Goal by Kyle Palmieri - Diables : 6 - Harfangs : 6.
11:37 of 3rd period - Steve Quailer wins face-off versus Craig Smith in neutral zone.
11:46 of 3rd period - Snap shot by Craig Smith.
11:46 of 3rd period - Shot Misses the Net.
11:48 of 3rd period - Slapshot by Alexandre Picard.
11:48 of 3rd period - Deflect By Taylor Beck.
11:48 of 3rd period - Stopped by Allen York without a rebound.
11:49 of 3rd period - Petri Kontiola wins face-off versus Damien Brunner in Diables zone.
11:49 of 3rd period - Andrew Orpik is hit by Damien Brunner and loses puck.
11:57 of 3rd period - Minor Penalty to Lukas Krajicek for Hooking.
11:58 of 3rd period - Brock Nelson wins face-off versus Tyler Bozak in Diables zone.
12:06 of 3rd period - Snap shot by Chris Kreider.
12:06 of 3rd period - Shot Misses the Net.
12:42 of 3rd period - Damien Brunner is hit by Dylan Olsen and loses puck.
13:26 of 3rd period - Dylan Olsen is hit by Kellan Lain and loses puck.
13:45 of 3rd period - Icing by Chris Kreider.
13:46 of 3rd period - Brock Nelson wins face-off versus Jamie Arniel in Harfangs zone.
13:57 of 3rd period - Penalty to Lukas Krajicek is over, Lukas Krajicek is back on ice.
14:07 of 3rd period - Snap shot by Mike Hoffman.
14:07 of 3rd period - Shot Misses the Net.
14:26 of 3rd period - Minor Penalty to Calle Jarnkrok for Roughing.
14:27 of 3rd period - Petri Kontiola wins face-off versus Kellan Lain in Harfangs zone.
14:36 of 3rd period - Andrew Orpik is hit by Damien Brunner.
14:42 of 3rd period - Andrew Orpik is hit by Damien Brunner and loses puck.
16:26 of 3rd period - Penalty to Calle Jarnkrok is over, Calle Jarnkrok is back on ice.
16:35 of 3rd period - Calle Jarnkrok is hit by Patrick Maroon.
16:42 of 3rd period - Minor Penalty to Mike Hoffman for Hooking.
16:43 of 3rd period - Kellan Lain wins face-off versus Craig Smith in Harfangs zone.
16:43 of 3rd period - Snap shot by Brett Maclean.
16:43 of 3rd period - Shot Misses the Net.
16:45 of 3rd period - Slapshot by Brett Maclean.
16:45 of 3rd period - Shot Blocked by Brett Carson.
17:05 of 3rd period - Steve Quailer is hit by Brett Carson and loses puck.
18:42 of 3rd period - Penalty to Mike Hoffman is over, Mike Hoffman is back on ice.
19:27 of 3rd period - Snap shot by Matt Jones.
19:27 of 3rd period - Stopped by Jeremy Duchesne with a rebound.
Goals for this period are 1 for Diables vs 2 for Harfangs.
Shots for this period are 7 for Diables vs 16 for Harfangs.
Overtime #1
0:01 of 1st overtime period - Brock Nelson wins face-off versus Tyler Bozak in neutral zone.
0:12 of 1st overtime period - Wrist shot by Brock Nelson.
0:12 of 1st overtime period - Goal by Brock Nelson - Diables : 6 - Harfangs : 7.
Goals for this period are 0 for Diables vs 1 for Harfangs.
Shots for this period are 0 for Diables vs 1 for Harfangs.
Output by the SimonT Hockey Simulator (STHS) for François Prévost -- Original Page W3C XHTML 1.0 Valid